 Dungeon Crawl Stone Soup version 0.31-a0-198-g2ad674f65e (webtiles) character file.

Game seed: 7606744748636776202

66 qw the Shooter (level 3, 0/20 HPs)
             Began as a Deep Elf Hunter on June 25, 2023.
             Succumbed to their own poison gas
             ... on level 2 of the Dungeon.
             The game lasted 00:00:27 (1429 turns).

qw the Shooter (Deep Elf Hunter)                    Turns: 1429, Time: 00:00:28

Health: 0/20       AC:  7    Str: 10    XL:     3   Next: 96%
Magic:  5/5        EV: 12    Int: 13    God:
Gold:   79         SH:  0    Dex: 24    Spells: 2/2 levels left

rFire   . . .        Y - +0 orcbow
rCold   . . .        (shield currently unavailable)
rNeg    . . .        f - +0 ring mail
rPois   .            (no helmet)
rElec   .            j - +0 cloak
rCorr   .            (no gloves)
SInv    .            m - +0 pair of boots
Will    .....        (no amulet)
Stlth   ++           e - +6 ring of dexterity
HPRegen 0.23/turn    (no ring)
MPRegen 0.09/turn

%: no passive effects
@: mighty, lethally poisoned (0 -> -3)
A: no striking features
a: no special abilities


You were on level 2 of the Dungeon.
You visited 1 branch of the dungeon, and saw 2 of its levels.

You collected 79 gold pieces.


   Skills:
 - Level 1.5 Fighting
 + Level 7.1 Ranged Weapons
 - Level 3.0 Dodging
 - Level 1.2 Stealth


You had 2 spell levels left.
You didn't know any spells.
Your spell library was empty.

Inventory:

Hand Weapons
 Y - a +0 orcbow (weapon)
Armour
 f - a +0 ring mail (worn)
 j - a +0 cloak (worn)
 m - a +0 pair of boots (worn)
Jewellery
 e - a +6 ring of dexterity (left hand)
 g - a ring of ice
Scrolls
 a - a scroll of identify
Potions
 d - a potion of curing {unknown}
 h - a potion of might
 l - a potion of attraction {unknown}

Dungeon Overview and Level Annotations

Branches:
Dungeon (2/15)

Altars:
Yredelemnul


Message History

1419 ||| READING scroll labelled TESHYSTOBISM.
The air fills with toxic fumes!
As you read the scroll labelled TESHYSTOBISM, it crumbles to dust.
It was a scroll of poison.
Done exploring.
1420 ||| READING scroll labelled MIB SI RIZ.
As you read the scroll labelled MIB SI RIZ, it crumbles to dust.
It is a scroll of amnesia.
You feel forgetful for a moment.
Done exploring.
1421 ||| DRINKING 2 sapphire potions.
It was a potion of might.
You feel very mighty all of a sudden.
Done exploring.
(D) Dungeon
Where to? (* - list waypoints, Enter - D:2, ? - help)
What level of the Dungeon? (default 1, ? - help) Sorry, I don't know how to get there.
Enter note:
Enter note:
Enter note:
Enter note:
Enter note:
Enter note: Really walk into that cloud of poison gas?
You are engulfed in poison gas.
You are poisoned.
You feel very sick.
1423 ||| Stepping ~*~*~tactically~*~*~ (cloud).
You feel very sick.
You see here a +0 leather armour.
There is a lethal amount of poison in your body!
You feel sick.
There is a lethal amount of poison in your body!
You feel sick.
There is a lethal amount of poison in your body!
You feel sick.
There is a lethal amount of poison in your body!
You feel sick.
There is a lethal amount of poison in your body!
You feel sick.
There is a lethal amount of poison in your body!
You die...

#.# #>#........ #.#
#.#.....### #########.###
#.#.....# #...........#
#.###.### #.#######.#.#
#.# #.# #.# #.#.# #.# #.#
#.# ###.#.# #.###.# #.#
#...#.# ########¤..#.# #
#.# #.###.#
#@.0¤000¤..#.##### #.#
#.# #.#
#0######¤......... #.#
#.# #.# #¤# #........##
#.#####.###.#
#0######........##
#...........#
#0#...............
#######.#####
#¤#.####........## #.#
#¤#.# #........# #.#
##0#.####........#
#.######.........###.####


There were no monsters in sight!

Vanquished Creatures
  2 adders (D:2)
  An ufetubus (D:2)
  2 worms (D:2)
  2 dart slugs (D:1)
  3 endoplasms (D:1)
  2 goblins
  2 hobgoblins (D:2)
  3 jackals (D:1)
  A kobold (D:2)
  2 quokkas (D:1)
  A ball python (D:2)
  7 bats (D:1)
  3 frilled lizards
  5 rats (D:1)
36 creatures vanquished.

Notes
Turn   | Place    | Note
-------+----------+-------------------------------------------
     0 | D:1      | qw the Deep Elf Hunter began the quest for the Orb.
     0 | D:1      | Reached XP level 1. HP: 12/12 MP: 3/3
     0 | D:1      | 0 ||| qw: Version: 0.3-a-22-g0ed2b0b
     0 | D:1      | 0 ||| qw: Game counter: 5464
     0 | D:1      | 0 ||| qw: Melee chars always use a shield: true
     0 | D:1      | 0 ||| qw: God list: Okawaru
     0 | D:1      | 0 ||| qw: Allow faded altars: false
     0 | D:1      | 0 ||| qw: Do Orc after clearing Dungeon:15 true
     0 | D:1      | 0 ||| qw: Do second Lair branch before Depths: true
     0 | D:1      | 0 ||| qw: Lair rune preference: random
     0 | D:1      | 0 ||| qw: Goals: Normal
     0 | D:1      | 0 ||| PLANNING D:1-11
    63 | D:1      | Reached XP level 2. HP: 16/16 MP: 4/4
    75 | D:1      | Reached skill level 6 in Ranged Weapons
   496 | D:1      | Reached XP level 3. HP: 20/20 MP: 5/5
   628 | D:1      | 628 ||| UPGRADING to +0 cloak.
   633 | D:1      | 633 ||| UPGRADING to +6 ring of dexterity.
   634 | D:1      | 634 ||| READING 2 scrolls labelled QURPHUI PYSISTA.
   635 | D:1      | 635 ||| READING scroll labelled JAJUCI ELOCZI.
   636 | D:1      | 636 ||| READING 2 scrolls labelled ATAWIP WAVIROE.
   637 | D:1      | 637 ||| READING scroll labelled FUGHOR VONGEW.
   738 | D:1      | 738 ||| DROPPING scroll of butterflies.
   739 | D:1      | 739 ||| DROPPING scroll of fear.
   804 | D:2      | Reached skill level 7 in Ranged Weapons
   881 | D:2      | 881 ||| SWAPPING to +0 orcbow.
   882 | D:2      | 882 ||| DROPPING +0 shortbow.
   918 | D:2      | Reached skill level 3 in Dodging
  1022 | D:2      | Found a basalt altar of Yredelemnul.
  1403 | D:2      | 1403 ||| UPGRADING to +0 ring mail.
  1413 | D:2      | 1413 ||| DROPPING +0 leather armour.
  1414 | D:2      | 1414 ||| UPGRADING to +0 pair of boots.
  1419 | D:2      | 1419 ||| READING scroll labelled TESHYSTOBISM.
  1420 | D:2      | 1420 ||| READING scroll labelled MIB SI RIZ.
  1421 | D:2      | 1421 ||| DRINKING 2 sapphire potions.
  1423 | D:2      | 1423 ||| Stepping ~*~*~tactically~*~*~ (cloud).
  1425 | D:2      | HP: 4/20 [poisoned by you (poison gas)]
  1428 | D:2      | HP: 1/20 [poisoned by you (poison gas)]
  1429 | D:2      | Succumbed to their own poison gas

Levels and vault maps discovered:
D:1:      saegor_arrival_simple_c, layout_loops_ring
D:2:      layout_loops_ring, basic_altar

Skill      XL: |  1  2  3 |
---------------+----------+-----
Ranged Weapons | 6 7 |  7.1
Dodging        | 3 |  3.0
Fighting       | |  1.5
Stealth        | |  1.2

Action                     || total
---------------------------++-------
   Fire: Shortbow          ||    66
         Orcbow            ||    17
    Use: Scroll            ||     6
         Potion            ||     1
 Armour: Leather armour    ||     7
  Dodge: Dodged            ||    16

Table legend:
 A = Non-vault XP
 B = Vault XP
 C = Vault XP percentage of total XP
 D = Non-vault monster count
 E = Vault monster count
 F = Vault count percentage of total count
                 A         B        C        D         E       F
            +---------+---------+-------+---------+---------+-------
      Total |      95 |       0 |   0.0 |      36 |       0 |   0.0
            +---------+---------+-------+---------+---------+-------
        D:1 |      41 |       0 |   0.0 |      25 |       0 |   0.0
        D:2 |      54 |       0 |   0.0 |      11 |       0 |   0.0
            +---------+---------+-------+---------+---------+-------
